 Dungeon Crawl Stone Soup version 0.18-a0-917-g8a3da5b (webtiles) character file.

659 st0uf the Shield-Bearer (level 7, 0/56 HPs)
             Began as a Formicid Fighter on Dec 26, 2015.
             Was a Believer of Makhleb.
             Splashed by a jelly's acid (5 damage)
             ... on level 5 of the Dungeon.
             The game lasted 00:19:17 (4908 turns).

st0uf the Shield-Bearer (Formicid Fighter)          Turns: 4908, Time: 00:19:17

Health: 0/56       AC:  0    Str: 23    XL:     7   Next: 86%
Magic:  9/9        EV:  9    Int:  7    God:    Makhleb [**....]
Gold:   165        SH: 10    Dex: 10    Spells: 0 memorised, 6 levels left

rFire  . . .     SeeInvis +     a - +0 long sword
rCold  . . .     Gourm    .     b - +0 scale mail
rNeg   . . .     Faith    .     c - +0 shield
rPois  .         Spirit   .     (helmet unavailable)
rElec  .         Dismiss  .     (no cloak)
rCorr  .         Reflect  .     (no gloves)
SustAt .         Harm     .     (no boots)
MR     .....                    (no amulet)
Stlth  ..........               (no ring)
                                (no ring)

@: corroded equipment, not resistant to hostile enchantments, extremely
unstealthy
A: permanent stasis, dig shafts and tunnels, four strong arms, antennae 3
a: Dig, Shaft Self, Minor Destruction, Renounce Religion


You were on level 5 of the Dungeon.
You worshipped Makhleb.
Makhleb was pleased with you.
You were hungry.

You visited 1 branch of the dungeon, and saw 5 of its levels.

You collected 165 gold pieces.

Inventory:

Hand Weapons
 a - a +0 long sword (weapon)
Armour
 b - a +0 scale mail (worn)
 c - a +0 shield (worn)
Wands
 g - a wand of polymorph (4/24)
 p - a wand of digging (11/24)
 u - a wand of frost (15/48)
Scrolls
 h - 3 scrolls of identify
 i - a scroll of recharging {unknown}
 j - a scroll of random uselessness {unknown}
 k - a scroll of amnesia
 m - a scroll of remove curse
 o - 2 scrolls of immolation {unknown}
Potions
 d - a potion of might
 e - a potion of lignification
 l - 4 potions of agility
 n - a potion of berserk rage
 r - 2 potions of magic {unknown}
Comestibles
 f - 2 bread rations
 q - a meat ration
 s - 6 chunks of flesh
 t - 5 fruits


   Skills:
 + Level 5.0 Fighting
 + Level 3.6 Long Blades
 + Level 4.9 Armour
 - Level 0.5 Dodging
 + Level 6.1 Shields
 * Level 3.8 Invocations


You had 6 spell levels left.
You didn't know any spells.

Dungeon Overview and Level Annotations

Branches:
Dungeon (5/15)             Temple (0/1) D:4

Altars:
Ashenzari
Cheibriados
Elyvilon
Gozag
Kikubaaqudgha
Makhleb
Ru


Innate Abilities, Weirdness & Mutations

You are under a permanent stasis effect.
You can dig through walls and to a lower floor.
Your four strong arms can wield two-handed weapons with a shield.
You have a pair of large antennae on your head (SInv).


Message History

The jelly is heavily wounded.
You block the jelly's attack. The jelly hits you but does no damage.
You hit the jelly but do no damage.
Your hands burn!
The jelly is heavily wounded.
You block the jelly's attack.
You hit the jelly. The acid corrodes you!
Your hands burn!
The jelly is severely wounded.
The jelly hits you.
You are splashed with acid!
The acid burns!
The jelly hits you.
You are splashed with acid!
The acid burns!
* * * LOW HITPOINT WARNING * * *
You hit the jelly.
Your hands burn!
* * * LOW HITPOINT WARNING * * *
The jelly is almost dead.
The jelly jiggles.
The jelly hits you.
* * * LOW HITPOINT WARNING * * *
You are splashed with acid!
The acid burns!
* * * LOW HITPOINT WARNING * * *
You hit the jelly but do no damage. The acid corrodes you!
Your hands burn!
You die...

.......##..##.#...#
...................
#####......รท.......
{ #
.........##.#...# #.
###.....##......
#.## ##.....####...#
... #......####...#
#.###..............
#.@J.......#.##....
####.........## .#
###.##..)......[#
..........)[..>...
###..#...##.....#.
#.......o......
....#...##.....#
#....#...# ....#
#... #...# ...#


You could see a jelly.

Vanquished Creatures
  A centaur (D:5)
  An ogre (D:4)
  2 orc priests
  A giant frog zombie (D:5)
  A centaur skeleton (D:4)
  A giant frog skeleton (D:3)
  An orc wizard (D:3)
  Terence (D:3)
  An iguana (D:4)
  A worker ant (D:4)
  Robin (D:4)
  10 adders
  A gnoll (D:1)
  A shadow imp (D:5)
  2 worms
  9 giant geckos
  17 orcs
  6 ball pythons
  4 bats
  13 goblins
  12 hobgoblins
  5 jackals
  3 kobolds
  5 giant cockroaches
  4 giant newts
  2 quokkas (D:3)
  A quokka skeleton (D:4)
  10 rats
117 creatures vanquished.

Notes
Turn   | Place    | Note
--------------------------------------------------------------
     0 | D:1      | st0uf the Formicid Fighter began the quest for the Orb.
     0 | D:1      | Reached XP level 1. HP: 18/18 MP: 1/1
   160 | D:1      | Reached XP level 2. HP: 24/24 MP: 2/2
   481 | D:1      | Reached skill level 4 in Shields
   481 | D:1      | Reached XP level 3. HP: 24/29 MP: 3/3
   956 | D:2      | Reached XP level 4. HP: 12/37 MP: 4/4
  1268 | D:2      | Found an ancient bone altar of Kikubaaqudgha.
  1268 | D:2      | Found an opulent altar of Gozag.
  1268 | D:2      | Found a sacrificial altar of Ru.
  1268 | D:2      | Found a burning altar of Makhleb.
  1270 | D:2      | Found a shattered altar of Ashenzari.
  1270 | D:2      | Found a snail-covered altar of Cheibriados.
  1276 | D:2      | Became a worshipper of Makhleb the Destroyer
  1570 | D:2      | Reached skill level 1 in Invocations
  1664 | D:2      | Reached XP level 5. HP: 38/42 MP: 5/5
  1828 | D:3      | Reached * piety under Makhleb
  2160 | D:3      | Reached XP level 6. HP: 48/48 MP: 7/7
  2198 | D:3      | Reached skill level 5 in Shields
  2661 | D:3      | Noticed Terence
  2672 | D:3      | Killed Terence
  2899 | D:3      | Reached ** piety under Makhleb
  3424 | D:4      | Reached XP level 7. HP: 4/55 MP: 9/9
  3756 | D:4      | Found a staircase to the Ecumenical Temple.
  3868 | D:4      | Found a white marble altar of Elyvilon.
  3922 | D:4      | Noticed Robin
  3931 | D:4      | Killed Robin
  4339 | D:5      | Entered Level 5 of the Dungeon
  4364 | D:4      | Reached skill level 5 in Fighting
  4867 | D:5      | Reached skill level 6 in Shields
  4908 | D:5      | Splashed by a jelly's acid

Vault maps used:
D:1:      mrwooster_arrival_arrow
D:2:      grunt_temple_overflow_open, minmay_shallow_snake_nest
D:3:      first_bread, guppyfry_early_orc_mine, uniq_terence
D:4:      overflow_temple_1_default, temple_hall_moat, uniq_robin

Action                   |  1- 3 |  4- 6 |  7- 9 || total
-------------------------+-------+-------+-------++-------
Melee: Long sword        |   110 |   208 |   125 ||   443
  Use: Scroll            |       |       |     5 ||     5
  Eat: Chunk             |       |     9 |     4 ||    13
